 Dungeon Crawl Stone Soup version 0.30.0-7-g0c4daa9e05 (webtiles) character file.

Game seed: 3844781816421512759

119 Majang the Cudgeller (level 5, -2/55 HPs)
             Began as an Ogre Gladiator on May 12, 2023.
             Was a Believer of Zin.
             Slain by an orc priest
             ... wielding a +0 short sword
              (4 damage)
             ... on level 3 of the Dungeon on May 13, 2023.
             The game lasted 00:09:13 (2196 turns).

Majang the Cudgeller (Ogre Gladiator)               Turns: 2196, Time: 00:09:15

Health: -2/55      AC:  3    Str: 20    XL:     5   Next: 3%
Magic:  5/5        EV: 10    Int: 15    God:    Zin [**....]
Gold:   96         SH:  0    Dex: 10    Spells: 4/4 levels left

rFire   . . .        a - +0 flail
rCold   . . .        (no shield)
rNeg    . . .        b - +0 robe
rPois   .            c - +0 hat
rElec   .            (no cloak)
rCorr   .            (gloves unavailable)
SInv    .            (boots unavailable)
Will    .....        (no amulet)
Stlth   +            i - +6 ring of intelligence
HPRegen 0.29/turn    (no ring)
MPRegen 0.09/turn

%: random rage (3%)
@: hasted, very quick
A: large, unfitting armour, tough skin 1, berserk 1, MP-powered wands
a: Renounce Religion, Recite, Vitalisation, Donate Gold


You were on level 3 of the Dungeon.
You worshipped Zin.
Zin was pleased with you.
You visited 1 branch of the dungeon, and saw 3 of its levels.

You collected 106 gold pieces.
You donated 10 gold pieces to Zin.

Inventory:

Hand Weapons
 a - a +0 flail (weapon)
Missiles
 d - 3 throwing nets (quivered)
 e - a large rock
Armour
 b - a +0 robe (worn)
 c - a +0 hat (worn)
Jewellery
 i - a +6 ring of intelligence (left hand)
Scrolls
 f - a scroll of immolation {unknown}
 g - 2 scrolls of teleportation {unknown}
 h - a scroll of enchant weapon {unknown}
 j - a scroll of fear {unknown}
 k - a scroll of blinking {unknown}
 m - a scroll of silence {unknown}
 o - 2 scrolls of noise {unknown}
 p - a scroll of identify {unknown}
Potions
 l - a potion of haste
 q - a potion of curing {unknown}


   Skills:
 + Level 4.3 Fighting
 * Level 4.4 Maces & Flails
 - Level 2.0 Throwing
 - Level 2.6 Dodging


You had 4 spell levels left.
You didn't know any spells.
Your spell library contained the following spells:

 Spells                   Type           Power      Damage    Failure   Level
 Blink                    Tloc           0%         N/A       38%         2
 Lesser Beckoning         Tloc           0%         N/A       38%         2
 Momentum Strike          Conj/Tloc      0%         3d8       38%         2
 Summon Guardian Golem    Hex/Summ       0%         N/A       63%         3
 Orb of Destruction       Conj           0%         9d5       100%        7
 Spellforged Servitor     Conj/Summ      0%         N/A       100%        7


Dungeon Overview and Level Annotations

Branches:
Dungeon (3/15)

Altars:
Ashenzari
Zin


Innate Abilities, Weirdness & Mutations

You are too large for most types of armour.
You have tough skin. (AC +1)
You sometimes lose your temper in combat.
You expend magic power (3 MP) to strengthen your wands.


Message History

You closely miss the orc. The orc hits you with a +0 flail.
The orc priest calls down the wrath of Beogh upon you.
Beogh smites you!
You hit the orc.
The orc is moderately wounded.
The orc hits you with a +0 flail!
The orc priest miscasts a cantrip.
The orc hits you with a +0 flail.
You thump the orc!
You kill the orc!
The orc priest mumbles some strange prayers to Beogh against you.
Beogh smites you!
* * * LOW HITPOINT WARNING * * *
It was a potion of haste.
You feel yourself speed up.
You hit the orc priest.
The orc priest is moderately wounded.
The orc priest hits you with a +0 short sword.
* * * LOW HITPOINT WARNING * * *
You hit the orc priest.
The orc priest is heavily wounded.
You closely miss the orc priest.
The orc priest is heavily wounded.
The orc priest hits you with a +0 short sword.
* * * LOW HITPOINT WARNING * * *
You closely miss the orc priest.
The orc priest is heavily wounded.
The orc priest hits you with a +0 short sword.
* * * LOW HITPOINT WARNING * * *
You hit the orc priest but do no damage.
The orc priest is heavily wounded.
The orc priest hits you but does no damage.
You closely miss the orc priest.
The orc priest is moderately wounded.
It was a potion of mutation.
You feel extremely strange. Zin protects your body from mutation!
You feel a little pissed off.
You feel your magical essence link to the dungeon's wands.
Zin forgives your inadvertent chaotic act, just this once.
The orc priest hits you with a +0 short sword.
You die...

.# ##.##..#†........
.#####.##..#....#.#####.
.##.##.##..#..........) .
.##.##.##...(.........#.#
.#............#..........
.#..##........####......#
....##.###....# .....
.#..##.###....####..##.##
................@o(......
#.............#.##......#
#.####........#.# .####..
#.# #.###.#..#.# .# #.#
#.# #...##.##.# #.#
#.###..........
#.####........######
#.......##..#.#
######.....##.###


You could see an orc priest.

Vanquished Creatures
  Jessica (D:2)
  2 adders (D:2)
  2 worms
  A dart slug (D:1)
  6 orcs
  A ball python (D:1)
  7 bats
  3 endoplasms
  3 giant cockroaches
  6 hobgoblins
  3 jackals (D:1)
  4 kobolds
  3 quokkas
  A frilled lizard (D:2)
  5 goblins
  6 rats
54 creatures vanquished.

Notes
Turn   | Place    | Note
-------+----------+-------------------------------------------
     0 | D:1      | Majang the Ogre Gladiator began the quest for the Orb.
     0 | D:1      | Reached XP level 1. HP: 22/22 MP: 1/1
   176 | D:1      | Reached XP level 2. HP: 28/31 MP: 2/2
   699 | D:1      | Reached XP level 3. HP: 37/37 MP: 3/3
  1134 | D:2      | Found a broken altar of Ashenzari.
  1308 | D:2      | Reached XP level 4. HP: 22/48 MP: 4/4
  1432 | D:2      | Found a faded altar of an unknown god.
  1432 | D:2      | Noticed Jessica
  1435 | D:2      | Prayed at the altar of an unknown god.
  1435 | D:2      | Became a worshipper of Zin the Law-Giver
  1435 | D:2      | Reached * piety under Zin
  1447 | D:2      | Killed Jessica
  1459 | D:2      | Reached ** piety under Zin
  2158 | D:3      | Upgraded the game from 0.30.0-5-g1a98f26d00 to
                  | 0.30.0-7-g0c4daa9e05
  2185 | D:3      | Reached XP level 5. HP: 55/55 MP: 5/5
  2193 | D:3      | HP: 2/55 [orc priest/+0 short sword (4)]
  2196 | D:3      | Gained mutation: You sometimes lose your temper in combat.
                  | [potion of mutation]
  2196 | D:3      | Gained mutation: You expend magic power (3 MP) to
                  | strengthen your wands. [potion of mutation]
  2196 | D:3      | Slain by an orc priest

Illustrated notes

Levels and vault maps discovered:
D:1:      eino_arrival_cavern_a, layout_loops_corners,
          hangedman_decor_clover_reticule
D:2:      layout_basic, basic_altar, shapermc_ecumenical_altar_mp_ritualfount,
          minmay_misc_feat_nine_boxes, uniq_jessica
D:3:      layout_basic

Skill      XL: |  1  2  3  4 |
---------------+-------------+-----
Maces & Flails | 3 4 |  4.4
Fighting       | 3 4 |  4.3
Throwing       | |  2.0
Dodging        | |  2.6

Action                     |  1- 3 |  4- 6 || total
---------------------------+-------+-------++-------
  Melee: Flail             |   130 |    62 ||   192
         Punch             |     1 |     1 ||     2
 Invoke: Recite            |       |     1 ||     1
    Use: Potion            |       |     2 ||     2
 Armour: Robe              |    45 |    21 ||    66
  Dodge: Dodged            |    83 |    41 ||   124
